 Dungeon Crawl Stone Soup version 0.22.1-1-ga44c0e5 (webtiles) character file.

68 magicm the Cudgeler (level 4, 0/35 HPs)
             Began as a Human Chaos Knight on Nov 10, 2018.
             Slain by a naga (10 damage)
             ... on level 3 of the Dungeon.
             The game lasted 00:08:10 (1883 turns).

magicm the Cudgeler (Human Chaos Knight)            Turns: 1883, Time: 00:08:11

Health: 0/35       AC:  9    Str: 14    XL:     4   Next: 41%
Magic:  4/4        EV:  7    Int: 12    God:    Xom [*.....]
Gold:   92         SH:  0    Dex: 12    Spells: 3/3 levels left

rFire    . . .     SeeInvis .   a - +1 mace (chaos)
rCold    . . .     Gourm    .   (no shield)
rNeg     . . .     Faith    +   g - +4 ring mail
rPois    .         Spirit   .   (no helmet)
rElec    .         Reflect  .   (no cloak)
rCorr    .         Harm     .   (no gloves)
MR       .....                  (no boots)
Stlth    +.........             e - amulet of faith
HPRegen  0.11/turn              (no ring)
MPRegen  0.09/turn              (no ring)

@: very slightly contaminated, constricted, invisible
A: no striking features
a: Renounce Religion


You were on level 3 of the Dungeon.
You worshipped Xom.
You were a special plaything of Xom.
You were not hungry.

You visited 1 branch of the dungeon, and saw 3 of its levels.

You collected 92 gold pieces.

Inventory:

Hand Weapons
 a - a +1 mace of chaos (weapon)
Armour
 b - a +3 leather armour
 g - a +4 ring mail (worn)
Jewellery
 e - an amulet of faith (around neck)
Scrolls
 d - 2 scrolls of identify
Potions
 f - a potion of haste
Comestibles
 c - 4 rations


   Skills:
 + Level 3.4 Fighting
 + Level 4.0 Maces & Flails
 + Level 2.6 Armour
 + Level 1.3 Dodging
 + Level 0.4 Stealth


You had 3 spell levels left.
You didn't know any spells.
Your spell library was empty.

Dungeon Overview and Level Annotations

Branches:
Dungeon (3/15)

Altars:


Message History

You hit the naga. You burn the naga.
The naga is moderately wounded.
You feel sick. The naga hits you but does no damage. The naga constricts you.
The naga closely misses you. The naga constricts you.
You hit the naga but do no damage.
The naga is moderately wounded.
Xom smiles on you.
You feel better.
You are now a special plaything of Xom.
The naga hits you. The naga constricts you.
You closely miss the naga.
The naga is moderately wounded.
The naga hits you!
* * * LOW HITPOINT WARNING * * *
The naga constricts you.
You hit the naga but do no damage.
The naga is moderately wounded.
The naga hits you!
You die...
Xom guffaws!

#######...
.......... #
######...
######.####....###
#....#.#....##.# #
#......#.#.<##.###
#.....>...........
#N.......#####.###
#@....#. ###.# #
#.##..... ..#.# #
#.##.#######.#.# #
#.##.##...##.#.# #
#.##....#....#.# #
#..............# #
#####.....[...## #
#...#.....####
...........†..†


You could see a naga.

Vanquished Creatures
  2 adders
  A worm (D:2)
  A dart slug (D:1)
  A leopard gecko (D:3)
  5 bats
  2 giant cockroaches
  6 goblins
  7 hobgoblins
  A quokka (D:2)
  A ball python (D:2)
  A frilled lizard (D:1)
  6 kobolds
  9 rats
  A fungus (D:1)
44 creatures vanquished.

Notes
Turn   | Place    | Note
-------+----------+-------------------------------------------
     0 | D:1      | magicm the Human Chaos Knight began the quest for the Orb.
     0 | D:1      | Reached XP level 1. HP: 18/18 MP: 1/1
   165 | D:1      | XOM: harmless Pois miscast
   317 | D:1      | XOM: harmless Chrm miscast
   395 | D:1      | XOM: divination: detect creatures
   408 | D:1      | Reached XP level 2. HP: 24/24 MP: 2/2
   684 | D:1      | XOM: noise
   685 | D:1      | XOM: mild Necr miscast
   870 | D:1      | XOM: noise
  1173 | D:2      | Reached XP level 3. HP: 29/29 MP: 3/3
  1189 | D:2      | XOM: silly message
  1198 | D:2      | XOM: divination: detect creatures
  1302 | D:2      | XOM: harmless Hex miscast
  1381 | D:2      | Reached XP level 4. HP: 22/35 MP: 4/4
  1437 | D:2      | XOM: silly message
  1660 | D:2      | XOM: harmless Tloc miscast
  1788 | D:2      | XOM: divination: magic mapping
  1800 | D:3      | Reached skill level 4 in Maces & Flails
  1877 | D:3      | Noticed a naga
  1877 | D:3      | a worm changed into a naga
  1878 | D:3      | XOM: potion effect (invisibility)
  1881 | D:3      | XOM: potion effect (curing)
  1883 | D:3      | Slain by a naga

Skill      XL: |  1  2  3  4 |
---------------+-------------+-----
Maces & Flails | 4 |  4.0
Fighting       | |  3.4
Armour         | |  2.6
Dodging        | |  1.3
Stealth        | |  0.4

Action                   |  1- 3 |  4- 6 || total
-------------------------+-------+-------++-------
Melee: Mace              |   106 |    39 ||   145
  Use: Scroll            |     7 |     4 ||    11
       Potion            |       |     1 ||     1
 Stab: Confused          |       |     1 ||     1
  Eat: Ration            |     1 |       ||     1
Armor: Ring mail         |    55 |    27 ||    82
Dodge: Dodged            |    75 |    30 ||   105
